 Dungeon Crawl Stone Soup version 0.30-a0-137-gd8773701ce (webtiles) character file.

Game seed: 570552716408152144

122 jimonade the Sneak (level 5, -10/30 HPs)
             Began as a Kobold Brigand on Sept 21, 2022.
             Killed by an exploding gnoll (25 damage)
             ... ignited by their inner flame
             ... on level 3 of the Dungeon.
             The game lasted 00:05:05 (2461 turns).

jimonade the Sneak (Kobold Brigand)                 Turns: 2461, Time: 00:05:05

Health: -10/30     AC:  5    Str:  9    XL:     5   Next: 27%
Magic:  5/5        EV: 13    Int: 12    God:
Gold:   157        SH:  5    Dex: 18    Spells: 4/4 levels left

rFire   . . .      SeeInvis .    a - +3 short sword
rCold   . . .      Faith    .    f - +0 buckler
rNeg    . . .      Spirit   .    b - +0 robe
rPois   .          Reflect  .    (no helmet)
rElec   .          Harm     .    s - scarf {repulsion}
rCorr   .          Rampage  .    u - +2 pair of gloves
Will    .....                    (no boots)
Stlth   +++++.....               (no amulet)
HPRegen 0.10/turn                (no ring)
MPRegen 0.09/turn                (no ring)

@: repel missiles
A: small, no large weapons, nightstalker 3
a: no special abilities


You were on level 3 of the Dungeon.
You visited 1 branch of the dungeon, and saw 3 of its levels.

You collected 157 gold pieces.

Inventory:

Hand Weapons
 a - a +3 short sword (weapon)
 c - a +2 dagger
 i - a +0 sling
Missiles
 d - 9 poisoned darts (quivered)
 e - 3 curare-tipped darts
Armour
 b - a +0 robe (worn)
 f - a +0 buckler (worn)
 p - a +0 leather armour
 s - a scarf of repulsion (worn)
 u - a +2 pair of gloves (worn)
 w - a +0 cloak
 x - a +0 ring mail
Magical Staves
 y - a staff of earth
Scrolls
 j - a scroll of vulnerability {unknown}
 k - a scroll of identify {unknown}
 n - a scroll of enchant weapon {unknown}
 o - a scroll of magic mapping {unknown}
 r - a scroll of teleportation {unknown}
 t - 2 scrolls of poison {unknown}
Potions
 g - 2 potions of curing {unknown}
 m - a potion of cancellation {unknown}
 q - a potion of might {unknown}
 v - a potion of lignification {unknown}
 z - 2 potions of brilliance {unknown}
 A - a potion of degeneration {unknown}
 B - a potion of attraction {unknown}


   Skills:
 - Level 2.1 Fighting
 * Level 4.3 Short Blades
 - Level 2.1 Throwing
 - Level 1.2 Dodging
 + Level 7.7 Stealth


You had 4 spell levels left.
You didn't know any spells.
Your spell library contained the following spells:

 Spells                   Type           Power      Damage    Failure   Level
 Call Canine Familiar     Summ           0%         N/A       83%         3
 Ignite Poison            Fire/Tmut/Pois 0%         N/A       83%         3
 Mephitic Cloud           Conj/Pois/Air  0%         N/A       83%         3
 Portal Projectile        Hex/Tloc       0%         N/A       83%         3
 Leda's Liquefaction      Hex/Erth       0%         N/A       99%         4
 Fireball                 Conj/Fire      0%         3d3       100%        5
 Freezing Cloud           Conj/Ice/Air   0%         6-21      100%        5
 Iskenderun's Battlesphe  Conj           0%         2d6       100%        5
 Conjure Ball Lightning   Conj/Air       0%         3x3d6     100%        6
 Orb of Destruction       Conj           0%         9d5       100%        7


Dungeon Overview and Level Annotations

Branches:
Dungeon (3/15)

Altars:

Shops:
D:3 :?:


Innate Abilities, Weirdness & Mutations

You are small and have problems with some larger weapons.
You are completely attuned to the shadows.


Message History

The helpless ball python fails to defend itself.
You impale the ball python!!
You kill the ball python!
There is an open door here.
The helpless adder fails to defend itself.
You stick the adder like a pincushion!!!
You kill the adder!
You see here an adder corpse.
Found a stone staircase leading down.
There is an open door here.
You see here an adder corpse.
You close the door.
You see here an adder corpse.
You open the door.
The gnoll shouts!
The gnoll bouda shouts!
You hear a shout! x3
The gnoll bouda barks out a call to the hunt!
The gnoll attacks as you move away! The gnoll misses you.
The gnoll attacks as you move away! The gnoll barely misses you.
The gnoll attacks as you move away! The gnoll closely misses you.
The gnoll attacks as you move away! The gnoll hits you with a +0 club.
The gnoll attacks as you move away! The gnoll hits you with a +0 club.
The gnoll attacks as you move away! The gnoll barely misses you.
The gnoll attacks as you move away! The gnoll hits you with a +0 club.
As you read the scroll labelled LIF VACZETH, it crumbles to dust.
It is a scroll of amnesia.
You feel forgetful for a moment. The gnoll hits you with a +0 club.
The adder hisses angrily.
As you read the scroll labelled WIQEPN BAETORPH, it crumbles to dust.
The creatures around you are filled with an inner flame!
It was a scroll of immolation.
The adder closely misses you. The gnoll barely misses you.
The adder closely misses you.
Okay, then.
You hit the gnoll.
Flame seeps out of the gnoll.
The gnoll is moderately wounded.
The gnoll is engulfed in blazing flames.
The gnoll explodes!
The fiery explosion engulfs the gnoll bouda!!!
The fiery explosion engulfs you!!
Ouch! That really hurt!
You die...

............g..∩..............'..
.........##.##.####.......#...###
#...........##.# #....<......# #
###.#g...##....# #.........)####
#.....###..### #..........'..#
.>....#....#### ##.........##.#
....##.....∩.§)# #..........#.#
.....#######...○#########.....#.#
.. ###..##@S....# #>#.#....
###..##......# #...###.#
#.......)..###....##.#
#..........+.#....#...
#...)......#......#...
#.................#...
......................
....S.................
.###.##......#########


You could see an adder (inner flame).

Vanquished Creatures
  A gnoll bouda (D:3)
  Natasha (D:3)
  An orc wizard (D:3)
  A gnoll (D:3)
  3 adders
  4 orcs (D:3)
  3 ball pythons
  5 bats
  4 endoplasms
  2 giant cockroaches (D:2)
  3 goblins (D:1)
  5 hobgoblins
  6 kobolds
  A quokka (D:1)
  3 frilled lizards
  2 rats
45 creatures vanquished.

Notes
Turn   | Place    | Note
-------+----------+-------------------------------------------
     0 | D:1      | jimonade the Kobold Brigand began the quest for the Orb.
     0 | D:1      | Reached XP level 1. HP: 12/12 MP: 1/1
   169 | D:1      | Found a faded altar of an unknown god.
   225 | D:1      | Reached XP level 2. HP: 15/17 MP: 2/2
   418 | D:1      | Reached skill level 6 in Stealth
   885 | D:2      | Reached XP level 3. HP: 13/21 MP: 3/3
  1579 | D:2      | Reached XP level 4. HP: 25/26 MP: 4/4
  1752 | D:3      | Reached skill level 7 in Stealth
  1925 | D:3      | Found Goluss's Book Boutique.
  2028 | D:3      | Found Moucem's Magic Scroll Emporium.
  2036 | D:3      | Found Muatin's Book Boutique.
  2053 | D:3      | Noticed Natasha
  2061 | D:3      | Killed Natasha
  2062 | D:3      | Reached XP level 5. HP: 17/30 MP: 5/5
  2461 | D:3      | Killed by an exploding gnoll... ignited by their inner
                  | flame

Illustrated notes

Levels and vault maps discovered:
D:1:      moated_graveyard_arrival, layout_loops_cross,
          dreamdust_ecumenical_altar_grove
D:2:      layout_rooms, minivault_11
D:3:      layout_basic, nicolae_overflow_hidden_temple, serial_shops,
          nicolae_square_shop, shop, nicolae_square_shop, uniq_natasha

Skill      XL: |  1  2  3  4 |
---------------+-------------+-----
Stealth        | 6 7 |  7.7
Short Blades   | 3 4 |  4.3
Fighting       | |  2.1
Throwing       | |  2.1
Dodging        | |  1.2

Action                   |  1- 3 |  4- 6 || total
-------------------------+-------+-------++-------
Melee: Dagger            |    64 |       ||    64
       Short sword       |     4 |    38 ||    42
  Use: Scroll            |       |     2 ||     2
 Stab: Sleeping          |    17 |     3 ||    20
Armor: Robe              |     5 |     3 ||     8
Dodge: Dodged            |    35 |    25 ||    60
Block: Buckler           |       |     6 ||     6

Table legend: (Time is in decaauts)
 A = Elapsed time spent in this place.
 B = Non-inter-level travel time spent in this place.
 C = Inter-level travel time spent in this place.
 D = Time resting spent in this place.
 E = Time spent auto-exploring this place.
 F = Levels seen in this place.
 G = Mean time per level.
                   A        B        C        D        E       F      G
               +--------+--------+--------+--------+--------+-----+--------+
         Total |   2444 |   2326 |    118 |    103 |   1693 |   3 |  814.7 |
       Dungeon |   2444 |   2326 |    118 |    103 |   1693 |   3 |  814.7 |
               +--------+--------+--------+--------+--------+-----+--------+

Top non-repeatable levels by time:
     D:2: 837 daAuts
     D:3: 832 daAuts
     D:1: 775 daAuts
